 Dungeon Crawl Stone Soup version 0.30-a0-586-g23e55c9e0a (webtiles) character file.

Game seed: 12198616975792112201

418 Dartaoz the Firebug (level 6, 0/50 HPs)
             Began as a Draconian Fire Elementalist on Jan 3, 2023.
             Slain by a gnoll bouda
             ... wielding a +0 whip
              (6 damage)
             ... on level 3 of the Dungeon.
             The game lasted 00:37:44 (3585 turns).

Dartaoz the Firebug (Draconian Fire Elementalist)   Turns: 3585, Time: 00:37:44

Health: 0/50       AC:  6    Str: 10    XL:     6   Next: 61%
Magic:  0/10       EV: 12    Int: 17    God:
Gold:   186        SH:  0    Dex: 12    Spells: 2/11 levels left

rFire   . . .      SeeInvis .    l - +0 quarterstaff
rCold   . . .      Faith    .    (shield currently unavailable)
rNeg    . . .      Spirit   .    (body armour unavailable)
rPois   +          Reflect  .    (helmet restricted)
rElec   .          Harm     .    (no cloak)
rCorr   .          Rampage  .    (no gloves)
Will    .....                    (no boots)
Stlth   ++                       m - amulet of regeneration
HPRegen 1.08/turn                b - ring of poison resistance
MPRegen 0.12/turn                (no ring)

@: weakened
A: AC +6, unfitting armour, cold-blooded
a: no special abilities


You were on level 3 of the Dungeon.
You visited 1 branch of the dungeon, and saw 4 of its levels.

You collected 186 gold pieces.

Inventory:

Hand Weapons
 l - a +0 quarterstaff (weapon)
Jewellery
 b - a ring of poison resistance (left hand)
 m - an amulet of regeneration (around neck)
Scrolls
 c - a scroll of fog {unknown}
 i - a scroll of enchant weapon {unknown}
 n - 3 scrolls of identify {unknown}
 o - a scroll of vulnerability {unknown}
 p - a scroll of teleportation {unknown}
 q - a scroll of enchant armour {unknown}
Potions
 a - a potion of magic
 d - 2 potions of attraction {unknown}
 e - 3 potions of ambrosia {unknown}
 f - 3 potions of might {unknown}
 g - a potion of brilliance {unknown}
 h - 3 potions of mutation {unknown}
 j - 3 potions of curing {unknown}
 k - a potion of degeneration {unknown}
 r - a potion of lignification {unknown}


   Skills:
 + Level 2.6 Fighting
 + Level 1.8 Staves
 + Level 3.0 Dodging
 - Level 2.4 Stealth
 + Level 3.1 Spellcasting
 + Level 2.8 Conjurations
 + Level 4.2 Fire Magic


You had 2 spell levels left.
You knew the following spells:

 Your Spells              Type           Power      Damage    Failure   Level
a - Foxfire               Conj/Fire      56%        2x1d6     4%          1
b - Scorch                Fire           32%        2d6       4%          2
c - Flame Wave            Conj/Fire      14%        2d6       38%         4
d - Blink                 Tloc           4%         N/A       26%         2

Your spell library contained the following spells:

 Spells                   Type           Power      Damage    Failure   Level
 Beastly Appendage        Tmut           4%         N/A       17%         1
 Ensorcelled Hibernation  Hex/Ice        4%         N/A       26%         2
 Passwall                 Tmut/Erth      1%         N/A       26%         2
 Wereblood                Tmut           2%         N/A       26%         2
 Inner Flame              Hex/Fire       9%         N/A       22%         3
 Kindle Blastsparks       Fire/Tloc/Air  14%        2d11      28%         3
 Stone Arrow              Conj/Erth      14%        3d7       28%         3
 Spider Form              Tmut/Pois      2%         N/A       45%         3
 Summon Guardian Golem    Hex/Summ       2%         N/A       45%         3
 Swiftness                Air            2%         N/A       45%         3
 Manifold Assault         Tloc           2%         N/A       86%         4
 Orb of Destruction       Conj           6%         9d6       100%        7
 Spellforged Servitor     Conj/Summ      3%         N/A       100%        7
 Storm Form               Tmut/Air       1%         N/A       100%        7
 Lehudib's Crystal Spear  Conj/Erth      3%         10d3      100%        8
 Animate Armour           Summ/Erth      Unusable   N/A       N/A         4

Dungeon Overview and Level Annotations

Branches:
Dungeon (4/15)
 Temple: D:4-7

Altars:
Fedhas

Shops:
D:1 *   D:2 [   D:3 (


Innate Abilities, Weirdness & Mutations

Your plain brown scales are hard. (AC +6)
You cannot fit into any form of body armour.
You are cold-blooded and may be slowed by cold attacks.


Message History

* * * LOW HITPOINT WARNING * * *
You hit the gnoll bouda.
The gnoll bouda is severely wounded.
The gnoll bouda hits you but does no damage.
You barely miss the gnoll bouda.
The gnoll bouda is severely wounded.
The gnoll bouda misses you.
You closely miss the gnoll bouda.
You tail-slap the gnoll bouda, but do no damage.
The gnoll bouda is severely wounded.
The gnoll bouda misses you.
You hit the gnoll bouda but do no damage.
The gnoll bouda is severely wounded.
The gnoll bouda closely misses you.
The gnoll bouda hits you with a +0 whip!
* * * LOW HITPOINT WARNING * * *
Casting: Foxfire (safe; 4% risk of failure)
Confirm with . or Enter, or press ? or * to list all spells.
You conjure some foxfire!
The gnoll bouda gazes fiercely through you!
You feel your attacks grow feeble. The gnoll bouda barely misses you.
You completely miss the gnoll bouda.
The gnoll bouda is severely wounded.
The foxfire hits the gnoll bouda but does no damage.
The gnoll bouda is severely wounded.
The foxfire hits the gnoll bouda.
The gnoll bouda is almost dead.
The gnoll bouda gazes fiercely through you!
You feel as though you will be weak longer.
The gnoll bouda hits you with a +0 whip.
* * * LOW HITPOINT WARNING * * *
You hit the gnoll bouda.
The gnoll bouda is almost dead.
The gnoll bouda hits you with a +0 whip.
* * * LOW HITPOINT WARNING * * *
You hit the gnoll bouda.
The gnoll bouda is almost dead.
The gnoll bouda hits you with a +0 whip.
You die...

∩#.#.###..........#
.≈................#
.≈...###..........#
>#...###..........#
.#................#
.#.#....###########
+###.##.##########
.# #.##........).#
.# #.##........g@#
.# #.##..........#
.# #.##.....)....#
.# #.#.<.........#
.###.............#
.................#
.................#
..............####
..............#


You could see a gnoll bouda.

Vanquished Creatures
  Sigmund (D:3)
  2 hounds (D:3)
  4 adders
  10 gnolls
  5 dart slugs
  4 orcs (D:3)
  2 bats
  6 endoplasms
  A giant cockroach (D:1)
  6 goblins
  6 hobgoblins
  2 quokkas (D:3)
  2 ball pythons
  4 frilled lizards
  6 kobolds
  3 rats
64 creatures vanquished.

Vanquished Creatures (others)
  61 foxfires
61 creatures vanquished.

Grand Total: 125 creatures vanquished

Notes
Turn   | Place    | Note
-------+----------+-------------------------------------------
     0 | D:1      | Dartaoz the Draconian Fire Elementalist began the quest for
                  | the Orb.
     0 | D:1      | Reached XP level 1. HP: 14/14 MP: 3/3
   206 | D:1      | Reached XP level 2. HP: 22/22 MP: 0/5
   262 | D:1      | Learned a level 2 spell: Scorch
   322 | D:1      | Found Heinyc's General Store.
   630 | D:1      | Found a faded altar of an unknown god.
  1241 | D:2      | Reached XP level 3. HP: 27/27 MP: 3/6
  1253 | D:2      | Reached skill level 1 in Fighting
  1418 | D:2      | Found Vuafry's Armour Shoppe.
  1830 | D:2      | Reached XP level 4. HP: 35/35 MP: 2/7
  1883 | D:2      | Learned a level 4 spell: Flame Wave
  2274 | D:3      | Noticed Sigmund
  2660 | D:3      | Reached XP level 5. HP: 41/41 MP: 0/8
  2925 | D:3      | Killed Sigmund
  2926 | D:3      | Reached skill level 1 in Staves
  2926 | D:3      | Reached skill level 4 in Fire Magic
  2926 | D:3      | Reached XP level 6. HP: 44/50 MP: 0/10
  3026 | D:3      | Learned a level 2 spell: Blink
  3250 | D:3      | Found Fomi's Antique Weapon Boutique.
  3342 | D:3      | Found a blossoming altar of Fedhas.
  3585 | D:3      | Slain by a gnoll bouda

Illustrated notes

Levels and vault maps discovered:
D:1:      zelgadis_glass_arrival_small, layout_rooms, basic_ecumenical_altar,
          serial_shops, nicolae_shop_hallway_plus
D:2:      layout_basic, serial_shops, nicolae_shop_hallway_plus,
          grunt_decor_mini_mirrors
D:3:      layout_rooms, general_overflow_altar, serial_shops,
          nicolae_shop_hallway_stairs, cheibrodos_gnoll_hut, uniq_sigmund
D:4:      layout_cave_pools, serial_forest, infiniplex_forest_lined_room_2,
          infiniplex_forest_corner_1, infiniplex_forest_end_2,
          infiniplex_forest_clump_diagonal, infiniplex_forest_straight_2,
          infiniplex_forest_lined_3, chequers_avenue, uniq_eustachio, uniq_ijyb

Skill      XL: |  1  2  3  4  5  6 |
---------------+-------------------+-----
Stealth        | 2 |  2.4
Dodging        | 2 3 |  3.0
Fighting       | 1 2 |  2.6
Conjurations   | 2 |  2.8
Staves         | 1 |  1.8
Fire Magic     | 4 |  4.2
Spellcasting   | 3 |  3.1

Action                   |  1- 3 |  4- 6 || total
-------------------------+-------+-------++-------
Melee: Quarterstaff      |       |    38 ||    38
       Tailslap          |       |     5 ||     5
 Cast: Foxfire           |    28 |    10 ||    38
       Scorch            |    29 |    54 ||    83
       Blink             |       |     1 ||     1
Armor: Skin              |    31 |    55 ||    86
Dodge: Dodged            |    49 |   160 ||   209

Table legend: (Time is in decaauts)
 A = Elapsed time spent in this place.
 B = Non-inter-level travel time spent in this place.
 C = Inter-level travel time spent in this place.
 D = Time resting spent in this place.
 E = Time spent auto-exploring this place.
 F = Levels seen in this place.
 G = Mean time per level.
                   A        B        C        D        E       F      G
               +--------+--------+--------+--------+--------+-----+--------+
         Total |   3595 |   3517 |     78 |   1194 |   1175 |   4 |  898.8 |
       Dungeon |   3595 |   3517 |     78 |   1194 |   1175 |   4 |  898.8 |
               +--------+--------+--------+--------+--------+-----+--------+

Top non-repeatable levels by time:
     D:2: 1380 daAuts
     D:1: 1174 daAuts
     D:3: 1020 daAuts
     D:4: 20 daAuts
